 Dungeon Crawl Stone Soup version 0.28.0-53-g5a82cb258f (webtiles) character file.

Game seed: 588825080286560951

125 issech the Skirmisher (level 4, -16/41 HPs)
             Began as a Minotaur Monk on June 21, 2022.
             Blown up by Ijyb (22 damage)
             ... with a mindburst bolt
             ... on level 3 of the Dungeon.
             The game lasted 00:04:18 (1493 turns).

issech the Skirmisher (Minotaur Monk)               Turns: 1493, Time: 00:04:19

Health: -16/41     AC: 15    Str: 15    XL:     4   Next: 82%
Magic:  3/3        EV:  7    Int:  7    God:
Gold:   53         SH:  0    Dex: 15    Spells: 3/3 levels left

rFire   . . .      SeeInvis .   f - +1 dagger (protect)
rCold   . . .      Faith    .   (no shield)
rNeg    . . .      Spirit   .   n - +0 chain mail
rPois   .          Reflect  .   (helmet restricted)
rElec   .          Harm     .   (no cloak)
rCorr   .          Rampage  .   (no gloves)
Will    .....                   (no boots)
Stlth   ..........              e - amulet of regeneration
HPRegen 0.93/turn               (no ring)
MPRegen 0.08/turn               (no ring)

@: under a protective aura
A: horns 2, retaliatory headbutt
a: no special abilities


You were on level 3 of the Dungeon.
You visited 1 branch of the dungeon, and saw 3 of its levels.

You collected 53 gold pieces.

Inventory:

Hand Weapons
 a - a +0 hand axe
 f - a +1 dagger of protection (weapon)
Missiles
 g - 47 bolts
 i - 30 arrows
 k - 37 stones (quivered)
 q - 6 boomerangs
Armour
 n - a +0 chain mail (worn)
Jewellery
 e - an amulet of regeneration (around neck)
Wands
 b - a wand of iceblast (6)
Scrolls
 j - 2 scrolls of identify {unknown}
 l - a scroll of enchant armour {unknown}
 m - a scroll of vulnerability {unknown}
 p - a scroll of immolation {unknown}
Potions
 c - a potion of heal wounds {unknown}
 d - 2 potions of flight {unknown}
 h - 3 potions of curing {unknown}
 o - a potion of mutation {unknown}


   Skills:
 + Level 4.7 Fighting
 + Level 0.4 Short Blades
 + Level 4.7 Axes
 + Level 4.3 Dodging
 + Level 2.0 Stealth


You had 3 spell levels left.
You didn't know any spells.
Your spell library was empty.

Dungeon Overview and Level Annotations

Branches:
Dungeon (3/15)

Altars:
Yredelemnul

Shops:
D:1 (

Annotations:
D:3 Ijyb


Innate Abilities, Weirdness & Mutations

You have a pair of horns on your head.
You reflexively headbutt those who attack you in melee.


Message History

Ijyb barely misses you.
You hit Ijyb but do no damage.
Ijyb is severely wounded.
Ijyb hits you but does no damage.
You hit Ijyb but do no damage.
Ijyb is severely wounded.
Ijyb zaps a wand.
Your mind is blasted!
* * * LOW HITPOINT WARNING * * *
You hit Ijyb.
Ijyb is almost dead.
Ijyb hits you but does no damage.
You hit Ijyb but do no damage.
Ijyb is almost dead.
Ijyb hits you but does no damage.
You barely miss Ijyb.
Ijyb is almost dead.
Ijyb hits you but does no damage.
You hit Ijyb but do no damage.
Ijyb is almost dead.
Ijyb zaps a wand.
Your mind is blasted!
* * * LOW HITPOINT WARNING * * *
You barely miss Ijyb. Your headbutt misses Ijyb.
Ijyb is almost dead.
Ijyb hits you but does no damage.
You hit Ijyb.
Ijyb is almost dead.
Ijyb hits you but does no damage.
You hit Ijyb but do no damage.
Ijyb is almost dead.
Ijyb barely misses you.
You hit Ijyb but do no damage.
Ijyb is almost dead.
Ijyb closely misses you. You furiously retaliate!
You headbutt Ijyb, but do no damage. You hit Ijyb but do no damage.
You headbutt Ijyb, but do no damage.
Ijyb is almost dead.
Ijyb screams, "Me kill you!"
Ijyb zaps a wand.
Your mind is blasted!
Ouch! That really hurt!
You die...

#.......#.###
#...########.#.......
#...... #...........
#...... #.#.#.......
#......###.#.#.......
#.......##.#.......#.
#.......##.#######.#
#......g##.# .#
#.....)@...#
#.......####
#.>.....# ######+##


You could see Ijyb.

Vanquished Creatures
  A water moccasin skeleton (D:2)
  4 gnolls (D:2)
  3 dart slugs
  4 bats
  4 endoplasms
  A giant cockroach (D:2)
  4 goblins
  A hobgoblin (D:2)
  2 jackals (D:3)
  A ball python (D:1)
  6 frilled lizards
  2 kobolds
  2 rats (D:1)
35 creatures vanquished.

Notes
Turn   | Place    | Note
-------+----------+-------------------------------------------
     0 | D:1      | issech the Minotaur Monk began the quest for the Orb.
     0 | D:1      | Reached XP level 1. HP: 19/19 MP: 0/0
   150 | D:1      | Found Riore's Weapon Shoppe.
   284 | D:1      | Reached XP level 2. HP: 19/27 MP: 1/1
   606 | D:2      | Reached XP level 3. HP: 31/34 MP: 2/2
   665 | D:2      | Reached XP level 4. HP: 41/41 MP: 3/3
  1014 | D:2      | Found a faded altar of an unknown god.
  1017 | D:2      | Found a basalt altar of Yredelemnul.
  1457 | D:3      | Noticed Ijyb
  1488 | D:3      | HP: 1/41 [disintegration (10)]
  1493 | D:3      | Blown up by Ijyb

Illustrated notes

Levels and vault maps discovered:
D:1:      amcnicky_arrival_single_pillar, layout_rooms, serial_shops,
          nicolae_shop_advertising_works [nicolae_subvault_shop_adworks]
D:2:      layout_basic, ebering_ecumenical_altar_hall, basic_altar
D:3:      layout_basic, uniq_ijyb

Skill      XL: |  1  2  3  4 |
---------------+-------------+-----
Fighting       | 4 |  4.7
Axes           | 4 |  4.7
Dodging        | 4 |  4.3
Stealth        | 2 |  2.0
Short Blades   | |  0.4

Action                   |  1- 3 |  4- 6 || total
-------------------------+-------+-------++-------
Melee: Dagger            |    45 |    85 ||   130
       Hand axe          |     8 |       ||     8
       Headbutt          |     7 |     9 ||    16
       Punch             |       |     2 ||     2
 Stab: Sleeping          |       |     1 ||     1
Armor: Robe              |    11 |    14 ||    25
       Chain mail        |       |    23 ||    23
Dodge: Dodged            |    42 |    35 ||    77
